Map: King's Cove LE

Players

EbonCobra

  • Race: Protoss Protoss
  • League: Platinum
  • Spawn Location: 11:00

MagicBunny - Winner!

  • Race: Protoss Protoss
  • League: Platinum
  • Spawn Location: 5:00

VOD

Have the link to the VOD?

Description

Time

  • Played on: March 24, 2019, 8:30 p.m.
  • Length: 4:06
Show
View Real Time Build Order
Export as new Build Order

EbonCobra Protoss 

Build Orders: Oracle Opening 

Get SALT Encoding   

  12  0:01  Probe  
  13  0:13  Probe  
  14  0:20  Pylon  
  14  0:26  Probe  
  15  0:33  Assimilator  
  15  0:41  Gateway  
  15  0:42  Probe  
  16  0:50  Probe  
  17  0:59  Probe  
  18  1:08  Pylon  
  18  1:09  Probe  
  19  1:24  Assimilator  
  19  1:29  Cybernetics Core  
  19  1:37  Gateway  
  18  1:46  Probe  
  19  1:55  Warp Gate  
  19  1:58  Probe  
  20  2:10  Probe  
  21  2:22  Stargate  
  21  2:23  Probe  
  21  2:28  Adept  
  21  2:29  Adept  
  26  2:38  Probe  
  27  2:54  Probe  
  28  3:01  Adept  
  30  3:12  Pylon  
  30  3:21  Oracle  
  30  3:22  Probe  
  31  3:29  Nexus  
  34  3:43  Stalker  
  34  3:44  Stalker  
Show
View Real Time Build Order
Export as new Build Order

MagicBunny Protoss - Winner!

Build Orders:  

Get SALT Encoding   

  12  0:00  Probe  
  13  0:13  Probe  
  14  0:20  Pylon  
  14  0:25  Probe  
  15  0:39  Gateway  
  15  0:40  Probe  
  16  0:52  Assimilator  
  16  1:00  Probe  
  17  1:05  Gateway  
  17  1:12  Probe  
  18  1:24  Probe  
  19  1:29  Cybernetics Core  
  19  1:36  Pylon  
  19  1:39  Probe  
  20  1:42  Assimilator  
  20  1:44  Warp Gate  
  20  1:59  Gateway  
  20  2:08  Stalker  
  20  2:14  Stalker  
  24  2:17  Probe  
  25  2:34  Probe  
  26  2:38  Stalker  
  28  2:46  Stalker  
  28  2:49  Pylon  
  30  3:27  Pylon  
  30  3:32  Stalker x2  
  30  3:33  Stalker  
  34  4:01  Stalker x3  
Tags
 
Add a new tag
Caveats
  • Supply blocks, unpowered buildings, or Contaminate may cause inaccurate times.
  • Supply counts are checked every 10 seconds.